[Event "Bangabandhu Premier Div League 2023-24"]
[Site "Dhaka"]
[Date "2024.02.01"]
[Round "1.1"]
[White "Rahman, Syed Mahfuzur"]
[Black "Alam, Monjur"]
[Result "1-0"]
[ECO "C00"]
[WhiteElo "2087"]
[BlackElo "1875"]
[Annotator "ChessBase"]
[PlyCount "79"]
[EventDate "2024.02.01"]
[EventCountry "BAN"]
[SourceTitle "playchess.com"]
[Source "ChessBase"]
[SourceQuality "1"]
[TimeControl "40/5400+30:1800+30"]

1. e4 e6 2. d3 d5 3. Nd2 dxe4 4. dxe4 Bd7 5. Ngf3 Bc6 6. c3 Bc5 7. Qc2 Nf6 8. Be2 a5 9. O-O Qe7 10. e5 Nfd7 11. Ne4 h6 12. Nxc5 Qxc5 13. Be3 Qe7 14. Rfe1 O-O 15. a4 Re8 16. b3 Na6 17. Nd4 Bd5 18. f4 Ndc5 19. Bf3 Bxf3 20. Nxf3 Rad8 21. Nd4 c6 22. g3 Nc7 23. Bc1 Qd7 24. Ba3 N5a6 25. Bd6 Nd5 26. Rad1 Qc8 27. c4 Ndb4 28. Qf2 b6 29. f5 Nc5 30. Qf3 exf5 31. Nxf5 Qb7 32. Qg4 g6 33. Nxh6+ Kh7 34. Qh4 Kg7 35. Rf1 Rd7 36. Ng4 Rh8 37. Bf8+ Kxf8 38. Qxh8+ Ke7 39. Nf6 Rd8 40. Qxd8+ 1-0

[Event "Bangabandhu Premier Div League 2023-24"]
[Site "Dhaka"]
[Date "2024.02.01"]
[Round "1.1"]
[White "Swarnavo Choudhury"]
[Black "Mohammad Minhaz Uddin"]
[Result "0-1"]
[ECO "C42"]
[WhiteElo "2056"]
[BlackElo "2224"]
[Annotator "ChessBase"]
[PlyCount "116"]
[EventDate "2024.02.01"]
[EventCountry "BAN"]
[SourceTitle "playchess.com"]
[Source "ChessBase"]
[SourceQuality "1"]
[TimeControl "40/5400+30:1800+30"]

1. e4 e5 2. Nf3 Nf6 3. Nxe5 d6 4. Nf3 Nxe4 5. d4 d5 6. Bd3 Nc6 7. O-O Be7 8. c4 Nb4 9. Be2 Bf5 10. a3 Nc6 11. Nc3 Nxc3 12. bxc3 O-O 13. Re1 Re8 14. cxd5 Qxd5 15. Bf4 Na5 16. Bxc7 Rac8 17. Bxa5 Qxa5 18. c4 Bf6 19. Qb3 Be4 20. Qb4 Qc7 21. Rad1 Bc2 22. Rc1 a5 23. Qd2 Be4 24. c5 Red8 25. Qe3 Bxf3 26. Bxf3 Bxd4 27. Qb3 Qf4 28. Rf1 Bxc5 29. Rcd1 b6 30. Bd5 a4 31. Qa2 Rd6 32. g3 Qf5 33. Bb7 Rcd8 34. Rxd6 Rxd6 35. Qe2 Qd7 36. Ba6 Rd2 37. Qf3 g6 38. Qa8+ Kg7 39. Qf3 Ra2 40. Qc3+ Qd4 41. Qxd4+ Bxd4 42. Bb5 Rxa3 43. Rd1 Bc5 44. Rd2 Ra1+ 45. Kg2 a3 46. Bc4 Rc1 47. Ba2 Kf8 48. Rd7 f5 49. Rf7+ Ke8 50. Rxh7 Rc2 51. Bd5 Rxf2+ 52. Kh3 Rd2 53. Bc6+ Kf8 54. Ra7 a2 55. Kh4 Be7+ 56. Kh3 Bf6 57. Ra8+ Kg7 58. Ra7+ Kh6 0-1

[Event "Bangabandhu Premier Div League 2023-24"]
[Site "Dhaka"]
[Date "2024.02.01"]
[Round "1.2"]
[White "Ahmed, Sheikh Nasir"]
[Black "Sanket Chakravarty"]
[Result "0-1"]
[ECO "A14"]
[WhiteElo "2182"]
[BlackElo "2361"]
[Annotator "ChessBase"]
[PlyCount "78"]
[EventDate "2024.02.01"]
[EventCountry "BAN"]
[SourceTitle "playchess.com"]
[Source "ChessBase"]
[SourceQuality "1"]
[TimeControl "40/5400+30:1800+30"]

1. c4 Nf6 2. Nf3 e6 3. g3 d5 4. Bg2 Be7 5. O-O O-O 6. b3 b6 7. Bb2 Ba6 8. d3 c5 9. e3 Nc6 10. Qe2 Qc7 11. e4 dxe4 12. dxe4 Rad8 13. e5 Ng4 14. Na3 Nh6 15. Nc2 Nf5 16. Rfd1 Bb7 17. Rxd8 Rxd8 18. Rd1 Nb4 19. Nxb4 cxb4 20. Rd2 Bc5 21. Qd1 Rxd2 22. Qxd2 h6 23. Qd3 a5 24. Ne1 Bxg2 25. Kxg2 a4 26. Nf3 a3 27. Bc1 Qc6 28. Kg1 b5 29. cxb5 Bxf2+ 30. Kxf2 Qxc1 31. Ke2 Qc5 32. g4 Ne7 33. Qd8+ Kh7 34. Qd3+ g6 35. h4 Nd5 36. Kd2 Nc3 37. Qd4 Qxb5 38. Ke3 Qe2+ 39. Kf4 Qg2 0-1

[Event "Bangabandhu Premier Div League 2023-24"]
[Site "Dhaka"]
[Date "2024.02.01"]
[Round "1.2"]
[White "Hasan Md, Emam"]
[Black "Hasan, Sk. Rashedul"]
[Result "1-0"]
[ECO "B25"]
[WhiteElo "2053"]
[BlackElo "1807"]
[Annotator "ChessBase"]
[PlyCount "117"]
[EventDate "2024.02.01"]
[EventCountry "BAN"]
[SourceTitle "playchess.com"]
[Source "ChessBase"]
[SourceQuality "1"]
[TimeControl "40/5400+30:1800+30"]

1. e4 c5 2. Nc3 g6 3. g3 Bg7 4. Bg2 Nc6 5. Nge2 d6 6. O-O e6 7. f4 Nge7 8. d3 O-O 9. g4 f5 10. gxf5 exf5 11. Ng3 Nd4 12. Be3 Rb8 13. Qd2 b5 14. Nd1 Qc7 15. c3 Ndc6 16. a3 Na5 17. Qf2 Nb3 18. Rb1 Be6 19. Re1 Kh8 20. Qc2 a5 21. exf5 Nxf5 22. Nxf5 Rxf5 23. Bh3 Qf7 24. Bxf5 Bxf5 25. Nf2 c4 26. Qe2 Re8 27. Rbd1 b4 28. axb4 axb4 29. dxc4 bxc3 30. bxc3 Rc8 31. Rxd6 Bxc3 32. Red1 Bf6 33. Qa2 Rb8 34. Bb6 Rxb6 35. Rxb6 Nc5 36. Rxf6 Qxf6 37. Qa8+ Kg7 38. Qa7+ Nd7 39. Rxd7+ Bxd7 40. Qxd7+ Kg8 41. Qe8+ Kg7 42. Qe5 Kf7 43. Qxf6+ Kxf6 44. Kg2 Kf5 45. c5 Ke6 46. Kf3 Kd5 47. Nd3 h6 48. Kg4 Ke6 49. h4 Kf6 50. c6 h5+ 51. Kf3 Ke6 52. Ke4 Kd6 53. Nb4 Ke6 54. c7 Kd7 55. Nd5 g5 56. fxg5 Kd6 57. g6 Kd7 58. g7 Kd6 59. g8=Q 1-0

[Event "Bangabandhu Premier Div League 2023-24"]
[Site "Dhaka"]
[Date "2024.02.01"]
[Round "1.3"]
[White "Mihir Lal, Das"]
[Black "Tashriq Saihan, Shan"]
[Result "1/2-1/2"]
[ECO "E02"]
[WhiteElo "1936"]
[BlackElo "1772"]
[Annotator "ChessBase"]
[PlyCount "95"]
[EventDate "2024.02.01"]
[EventCountry "BAN"]
[SourceTitle "playchess.com"]
[Source "ChessBase"]
[SourceQuality "1"]
[TimeControl "40/5400+30:1800+30"]

1. Nf3 Nf6 2. g3 d5 3. Bg2 e6 4. O-O Be7 5. c4 dxc4 6. Qa4+ Nbd7 7. Qxc4 O-O 8. Nc3 a6 9. d4 c5 10. dxc5 Bxc5 11. Bg5 Qc7 12. Qb3 b5 13. Rac1 Bb7 14. a3 Rac8 15. Qa2 Qb8 16. b4 Be7 17. Rfd1 Rfd8 18. Qa1 h6 19. Bf4 Qa8 20. Bd6 Bxd6 21. Rxd6 Ne5 22. Rxd8+ Rxd8 23. Nxe5 Bxg2 24. f3 Bh3 25. Rd1 Qa7+ 26. Kh1 Rc8 27. Rd3 Qc7 28. f4 Qb7+ 29. Nf3 Ne4 30. Nxe4 Qxe4 31. Qd1 Kh7 32. Kg1 Qc6 33. Rd6 Qb7 34. Qd3+ g6 35. Rd7 Qb6+ 36. Qd4 Qxd4+ 37. Rxd4 Rc1+ 38. Kf2 Ra1 39. Rd7 Rxa3 40. Rxf7+ Kg8 41. Ra7 Bf5 42. Nd4 Ra4 43. Ke3 Ra3+ 44. Kd2 Ra2+ 45. Ke3 Ra3+ 46. Kd2 Ra2+ 47. Ke3 Ra3+ 48. Kd2 1/2-1/2

[Event "Bangabandhu Premier Div League 2023-24"]
[Site "Dhaka"]
[Date "2024.02.01"]
[Round "1.4"]
[White "Manon, Reja Neer"]
[Black "Avik, Sarker"]
[Result "1-0"]
[ECO "C42"]
[WhiteElo "2169"]
[BlackElo "1914"]
[Annotator "ChessBase"]
[PlyCount "81"]
[EventDate "2024.02.01"]
[EventCountry "BAN"]
[SourceTitle "playchess.com"]
[Source "ChessBase"]
[SourceQuality "1"]
[TimeControl "40/5400+30:1800+30"]

1. e4 e5 2. Nf3 Nf6 3. Nxe5 d6 4. Nf3 Nxe4 5. c4 Be7 6. d4 O-O 7. Bd3 Nf6 8. Nc3 d5 9. O-O c5 10. cxd5 Nxd5 11. Nxd5 Qxd5 12. Re1 Bf6 13. Qc2 g6 14. Be4 Qh5 15. dxc5 Na6 16. Be3 Bf5 17. Rad1 Bxe4 18. Qxe4 Nxc5 19. Qf4 Be7 20. g4 Qh3 21. Bxc5 Bxc5 22. Rd7 Rad8 23. Rxd8 Rxd8 24. Ng5 Bxf2+ 25. Kh1 Rf8 26. Nxh3 Bxe1 27. Ng5 Bh4 28. Ne4 Be7 29. Qc7 Re8 30. Qxb7 Bd8 31. Nd6 Rf8 32. Qxa7 f5 33. gxf5 gxf5 34. Kg2 f4 35. Kf3 Bf6 36. b4 Be5 37. Qc5 Bxd6 38. Qxd6 Kg7 39. b5 Rf6 40. Qxf6+ Kxf6 41. b6 1-0

[Event "Bangabandhu Premier Div League 2023-24"]
[Site "Dhaka"]
[Date "2024.02.01"]
[Round "1.4"]
[White "Muhimenul, Islam"]
[Black "Abdullah Al, Raison"]
[Result "0-1"]
[ECO "A29"]
[WhiteElo "1970"]
[BlackElo "1839"]
[Annotator "ChessBase"]
[PlyCount "72"]
[EventDate "2024.02.01"]
[EventCountry "BAN"]
[SourceTitle "playchess.com"]
[Source "ChessBase"]
[SourceQuality "1"]
[TimeControl "40/5400+30:1800+30"]

1. c4 e5 2. g3 Nf6 3. Bg2 d5 4. cxd5 Nxd5 5. Nc3 Nb6 6. Nf3 Nc6 7. O-O Be7 8. d3 O-O 9. b3 Be6 10. Bb2 f6 11. h3 Nd5 12. Kh2 Nxc3 13. Bxc3 Bd5 14. Qd2 a5 15. Rfd1 Bb4 16. e4 Be6 17. d4 exd4 18. Nxd4 Nxd4 19. Qxd4 Qxd4 20. Bxd4 Rfd8 21. Bb2 c6 22. f4 Kf8 23. Bf3 Rxd1 24. Rxd1 a4 25. a3 Bxb3 26. Rd7 Be7 27. g4 Rd8 28. Rxd8+ Bxd8 29. Kg3 b5 30. h4 c5 31. Kf2 Be7 32. Ke3 b4 33. Kd2 c4 34. axb4 Bxb4+ 35. Kc1 c3 36. Ba1 Ba3+ 0-1

[Event "Bangabandhu Premier Div League 2023-24"]
[Site "Dhaka"]
[Date "2024.02.01"]
[Round "1.5"]
[White "Mohammad Fahad, Rahman"]
[Black "Kushagra Mohan"]
[Result "1/2-1/2"]
[ECO "C78"]
[WhiteElo "2418"]
[BlackElo "2374"]
[Annotator "ChessBase"]
[PlyCount "172"]
[EventDate "2024.02.01"]
[EventCountry "BAN"]
[SourceTitle "playchess.com"]
[Source "ChessBase"]
[SourceQuality "1"]
[TimeControl "40/5400+30:1800+30"]

1. e4 e5 2. Nf3 Nc6 3. Bb5 a6 4. Ba4 Nf6 5. O-O b5 6. Bb3 Bc5 7. a4 Rb8 8. Nxe5 Nxe5 9. d4 Bxd4 10. Qxd4 Nc6 11. Qc5 Qe7 12. Qxe7+ Kxe7 13. axb5 axb5 14. e5 Ne4 15. Bd5 Nc5 16. Be3 Ne6 17. f4 Ncd4 18. f5 Nxc2 19. fxe6 Nxe3 20. Rxf7+ Ke8 21. Bf3 Nc4 22. Rxg7 Nxe5 23. exd7+ Bxd7 24. Nd2 Kf8 25. Rg5 Nxf3+ 26. Nxf3 Rg8 27. Rc5 Bh3 28. g3 Rg7 29. Ng5 Bg4 30. Rf1+ Kg8 31. Rf4 Bc8 32. Rd4 Re7 33. Rd8+ Kg7 34. Kf2 Ra8 35. Rxb5 Ba6 36. Rxa8 Bxb5 37. Rc8 Re2+ 38. Kf3 Rxh2 39. Rxc7+ Kg6 40. Ne6 Rxb2 41. Nf8+ Kf6 42. Nxh7+ Kg6 43. Nf8+ Kf6 44. Rc5 Rb3+ 45. Kg2 Rb2+ 46. Kh3 Bf1+ 47. Kg4 Be2+ 48. Kf4 Rb4+ 49. Ke3 Bg4 50. Rc6+ Kg7 51. Ng6 Bd7 52. Rd6 Rb3+ 53. Kf4 Rb4+ 54. Kg5 Rb5+ 55. Kh4 Be8 56. Nf4 Bf7 57. g4 Rb7 58. Ne2 Re7 59. Nd4 Bg6 60. Nc6 Rb7 61. Ne5 Bc2 62. Kg5 Ra7 63. Nc6 Rb7 64. Nd4 Bb3 65. Nf5+ Kh7 66. Rd2 Be6 67. Kf6 Bxf5 68. gxf5 Rb6+ 69. Kf7 Rb7+ 70. Kf8 Rb8+ 71. Ke7 Kg8 72. Rg2+ Kh7 73. Rd2 Kg8 74. Rd7 Rf8 75. Ke6 Ra8 76. Rd6 Kg7 77. Rd7+ Kf8 78. Rf7+ Kg8 79. Rb7 Kf8 80. Rb6 Kg7 81. f6+ Kf8 82. Rc6 Re8+ 83. Kf5 Re1 84. Rc8+ Kf7 85. Rc7+ Kf8 86. Rc8+ Kf7 1/2-1/2

[Event "Bangabandhu Premier Div League 2023-24"]
[Site "Dhaka"]
[Date "2024.02.01"]
[Round "1.5"]
[White "Majumder, Ahmed Hossain"]
[Black "Nasim Hossain, Bhuiyan"]
[Result "1/2-1/2"]
[ECO "D45"]
[WhiteElo "1934"]
[BlackElo "1812"]
[Annotator "ChessBase"]
[PlyCount "181"]
[EventDate "2024.02.01"]
[EventCountry "BAN"]
[SourceTitle "playchess.com"]
[Source "ChessBase"]
[SourceQuality "1"]
[TimeControl "40/5400+30:1800+30"]

1. d4 d5 2. c4 e6 3. Nf3 Nf6 4. Nc3 c6 5. e3 Nbd7 6. cxd5 exd5 7. Bd3 Bd6 8. O-O O-O 9. Qc2 Re8 10. Rb1 Nf8 11. b4 a6 12. a4 Qe7 13. b5 axb5 14. axb5 Ne4 15. Ne2 c5 16. dxc5 Nxc5 17. Bf5 Ne4 18. Ned4 Qf6 19. Bxc8 Rexc8 20. Qb3 Ng6 21. Bb2 Nh4 22. Qxd5 Re8 23. Qh5 Ng6 24. Nf5 Be5 25. Bd4 Bxd4 26. N5xd4 Ra2 27. Ra1 Rb2 28. Qd5 Qb6 29. Qc4 Qd6 30. Rab1 Nd2 31. Nxd2 Rxd2 32. Rfd1 Ne5 33. Qb3 Rxd1+ 34. Rxd1 Ng4 35. Nf3 Qb6 36. h3 Nf6 37. Nd4 h6 38. Rc1 Ne4 39. Qd5 Nf6 40. Qc5 Qa5 41. Qc3 Qa2 42. Qc2 Qa3 43. Qc3 Qa2 44. Qa1 Qd2 45. Rc2 Qb4 46. Qc1 Kh7 47. Rc7 Re7 48. Qc3 Qb1+ 49. Qc1 Qb4 50. Rxe7 Qxe7 51. g4 g6 52. Qc4 Kg7 53. b6 Qe4 54. Qc3 Qb1+ 55. Kh2 Qxb6 56. f4 Kh7 57. Qd3 Qb2+ 58. Kg3 Qc1 59. Nf3 Qc6 60. Nd2 Qd5 61. Qxd5 Nxd5 62. e4 Nc3 63. Kf3 Kg7 64. e5 Kf8 65. f5 g5 66. Ke3 Nd5+ 67. Kf3 b5 68. Nb3 Nf4 69. h4 Nd3 70. hxg5 hxg5 71. Ke4 Nf2+ 72. Kf3 Nh3 73. Ke4 Nf2+ 74. Kf3 Nd3 75. Ke4 Nf4 76. Kd4 Nh3 77. Ke4 Ke8 78. Nc5 b4 79. Kd4 Nf2 80. Kc4 Nxg4 81. e6 Ne3+ 82. Kxb4 f6 83. Ne4 Nxf5 84. Nxf6+ Ke7 85. Ng4 Kxe6 86. Kc4 Nd6+ 87. Kd3 Kf5 88. Nh6+ Kf4 89. Ke2 Ne4 90. Kf1 Kf3 91. Nf7 1/2-1/2

[Event "Bangabandhu Premier Div League 2023-24"]
[Site "Dhaka"]
[Date "2024.02.01"]
[Round "1.6"]
[White "Chowdhury, Sohel"]
[Black "Puranik, Abhimanyu"]
[Result "0-1"]
[ECO "B26"]
[WhiteElo "1956"]
[BlackElo "2645"]
[Annotator "ChessBase"]
[PlyCount "64"]
[EventDate "2024.02.01"]
[EventCountry "BAN"]
[SourceTitle "playchess.com"]
[Source "ChessBase"]
[SourceQuality "1"]
[TimeControl "40/5400+30:1800+30"]

1. e4 c5 2. Nc3 Nc6 3. g3 g6 4. Bg2 Bg7 5. d3 d6 6. Be3 Rb8 7. Qd2 b5 8. a3 a5 9. Nge2 b4 10. axb4 axb4 11. Nd1 Nd4 12. O-O h5 13. Nc1 Nf6 14. c3 Nc6 15. h3 O-O 16. Bh6 Qb6 17. Bxg7 Kxg7 18. Ne2 Na5 19. Qc2 e5 20. c4 Nc6 21. Ne3 h4 22. Qd2 hxg3 23. fxg3 Nh7 24. g4 Qd8 25. Ng3 Nd4 26. Qf2 Ng5 27. Ra7 Rb7 28. Rxb7 Bxb7 29. Nc2 Nxc2 30. Qxc2 Rh8 31. Kh2 Bc8 32. Qe2 Rh4 0-1

[Event "Bangabandhu Premier Div League 2023-24"]
[Site "Dhaka"]
[Date "2024.02.01"]
[Round "1.6"]
[White "Mrittika Mallick"]
[Black "Rathanvel, V S"]
[Result "1/2-1/2"]
[ECO "B52"]
[WhiteElo "1859"]
[BlackElo "2474"]
[Annotator "ChessBase"]
[PlyCount "97"]
[EventDate "2024.02.01"]
[EventCountry "BAN"]
[SourceTitle "playchess.com"]
[Source "ChessBase"]
[SourceQuality "1"]
[TimeControl "40/5400+30:1800+30"]

1. e4 c5 2. Nf3 d6 3. Bb5+ Bd7 4. Bxd7+ Nxd7 5. O-O Ngf6 6. Qe2 e6 7. d4 cxd4 8. Nxd4 Be7 9. c4 Qa5 10. Nc3 Rc8 11. Be3 a6 12. Rac1 O-O 13. f4 Qh5 14. Qxh5 Nxh5 15. b3 Nhf6 16. Nf3 Nc5 17. e5 dxe5 18. Nxe5 Ncd7 19. Nxd7 Nxd7 20. Rcd1 Nf6 21. Rd3 Bb4 22. Na4 b5 23. Nb6 bxc4 24. Nxc4 Nd5 25. Bd4 Rfd8 26. Rff3 f6 27. g3 Kf7 28. Kg2 Rd7 29. f5 exf5 30. Rxf5 Rcd8 31. Rf1 Kg8 32. Rfd1 Nc7 33. Nb6 Rd6 34. Nc4 Rd5 35. Nb6 R5d6 36. Nc4 R6d7 37. Nb6 Re7 38. Be3 Rde8 39. Nc4 Nb5 40. Kf3 Kf7 41. a4 Na3 42. Nxa3 Bxa3 43. Rb1 Bb4 44. Rc1 g5 45. Rc4 a5 46. h4 Kg6 47. Bc5 Bxc5 48. Rxc5 Re5 49. Rxe5 1/2-1/2

[Event "Bangabandhu Premier Div League 2023-24"]
[Site "Dhaka"]
[Date "2024.02.01"]
[Round "1.7"]
[White "Ter-Sahakyan, Samvel"]
[Black "Sajidul, Haque"]
[Result "1-0"]
[ECO "D93"]
[WhiteElo "2649"]
[BlackElo "1922"]
[Annotator "ChessBase"]
[PlyCount "93"]
[EventDate "2024.02.01"]
[EventCountry "BAN"]
[SourceTitle "playchess.com"]
[Source "ChessBase"]
[SourceQuality "1"]
[TimeControl "40/5400+30:1800+30"]

1. d4 Nf6 2. c4 g6 3. Nc3 d5 4. Bf4 c6 5. e3 Bg7 6. Nf3 O-O 7. h3 Re8 8. Be2 dxc4 9. Bxc4 b5 10. Bb3 b4 11. Na4 Nd5 12. Bg3 e6 13. Ne5 h5 14. Rc1 h4 15. Bh2 Qg5 16. O-O Ba6 17. Re1 Bb5 18. Nc5 a5 19. Ba4 Nb6 20. Bxb5 cxb5 21. Qe2 Ra7 22. Qxb5 N8d7 23. Nc6 Raa8 24. Bc7 Nxc5 25. Bxb6 Ne4 26. Qxg5 Nxg5 27. Bxa5 Ne4 28. Ra1 Ra6 29. Rec1 Rea8 30. Bxb4 Rxa2 31. Rab1 Bf8 32. Be1 R8a4 33. Ne5 Bd6 34. Nf3 Ra8 35. Ne5 R8a4 36. Nd3 Ra8 37. Nc5 Nf6 38. b4 e5 39. Nb7 Bb8 40. Rc8+ Kg7 41. dxe5 Bxe5 42. Rxa8 Rxa8 43. f4 Bc7 44. Bc3 Ra3 45. Bd4 Bb8 46. b5 Ra4 47. Nc5 1-0

[Event "Bangabandhu Premier Div League 2023-24"]
[Site "Dhaka"]
[Date "2024.02.01"]
[Round "1.7"]
[White "Mohammed Abdul, Malek"]
[Black "Tanvir, Alam"]
[Result "1/2-1/2"]
[ECO "E09"]
[WhiteElo "2047"]
[BlackElo "1836"]
[Annotator "ChessBase"]
[PlyCount "60"]
[EventDate "2024.02.01"]
[EventCountry "BAN"]
[SourceTitle "playchess.com"]
[Source "ChessBase"]
[SourceQuality "1"]
[TimeControl "40/5400+30:1800+30"]

1. c4 Nf6 2. g3 e6 3. Bg2 d5 4. Nf3 Be7 5. O-O O-O 6. d4 c6 7. Nbd2 Nbd7 8. Qc2 b6 9. e4 dxe4 10. Ne5 Qc7 11. Nxe4 Nxe5 12. dxe5 Nxe4 13. Bxe4 h6 14. Qe2 Rd8 15. Bc2 Bf8 16. h4 Bb7 17. Bf4 c5 18. f3 Rd4 19. Rad1 Rad8 20. h5 Bc6 21. Kg2 Qb7 22. Be3 Rxd1 23. Rxd1 Rd7 24. Rxd7 Qxd7 25. Bb1 f5 26. exf6 gxf6 27. Qc2 f5 28. Qc1 Qg7 29. Bf2 Qg4 30. Qc3 Bg7 1/2-1/2

[Event "Bangabandhu Premier Div League 2023-24"]
[Site "Dhaka"]
[Date "2024.02.01"]
[Round "1.8"]
[White "Suvradeepta, Das"]
[Black "Rahman, Ziaur"]
[Result "0-1"]
[ECO "B30"]
[WhiteElo "2141"]
[BlackElo "2428"]
[Annotator "ChessBase"]
[PlyCount "60"]
[EventDate "2024.02.01"]
[EventCountry "BAN"]
[SourceTitle "playchess.com"]
[Source "ChessBase"]
[SourceQuality "1"]
[TimeControl "40/5400+30:1800+30"]

1. e4 c5 2. Nf3 Nc6 3. Bb5 e6 4. Bxc6 bxc6 5. O-O Ne7 6. e5 Ng6 7. d3 Be7 8. Nbd2 Qc7 9. Re1 O-O 10. Nc4 f6 11. g3 fxe5 12. Nfxe5 Nxe5 13. Nxe5 d6 14. Nc4 Bf6 15. Rb1 Bd4 16. Re2 d5 17. Ne3 e5 18. c3 Bxe3 19. Rxe3 d4 20. Rf3 Re8 21. cxd4 cxd4 22. Bd2 Bg4 23. Qb3+ Be6 24. Qa3 Bd5 25. Rf5 Qd7 26. g4 g6 27. Rg5 Qf7 28. f4 h6 29. Rxe5 Rxe5 30. fxe5 Qf3 0-1

[Event "Bangabandhu Premier Div League 2023-24"]
[Site "Dhaka"]
[Date "2024.02.01"]
[Round "1.8"]
[White "Diya Chowdhury"]
[Black "Harikrishnan.A.Ra"]
[Result "0-1"]
[ECO "C77"]
[WhiteElo "1881"]
[BlackElo "2454"]
[Annotator "ChessBase"]
[PlyCount "74"]
[EventDate "2024.02.01"]
[EventCountry "BAN"]
[SourceTitle "playchess.com"]
[Source "ChessBase"]
[SourceQuality "1"]
[TimeControl "40/5400+30:1800+30"]

1. e4 e5 2. Nf3 Nc6 3. Bb5 a6 4. Ba4 Nf6 5. Qe2 d6 6. c3 g6 7. O-O b5 8. Bb3 Bg7 9. Rd1 O-O 10. d4 exd4 11. cxd4 Re8 12. Nc3 Na5 13. Bg5 h6 14. Bxf6 Bxf6 15. Bc2 Bg7 16. h3 Bb7 17. d5 Nc4 18. Bd3 Bxc3 19. Bxc4 Bg7 20. Bb3 f5 21. Qc2 Rxe4 22. a4 bxa4 23. Ra2 a3 24. Rxa3 Rb4 25. Ra4 Rxa4 26. Bxa4 Rb8 27. Re1 Qf8 28. Nh4 Kh7 29. Re6 Bxd5 30. Rxg6 Be4 31. Qxc7 Rxb2 32. Rxd6 Rb7 33. Qc5 Qe7 34. Ng6 Rb1+ 35. Kh2 Qg5 36. f3 Rb2 37. Qg1 Bxf3 0-1

[Event "Bangabandhu Premier Div League 2023-24"]
[Site "Dhaka"]
[Date "2024.02.01"]
[Round "1.9"]
[White "Hossain, Enamul"]
[Black "Pranav Vijay"]
[Result "0-1"]
[ECO "C78"]
[WhiteElo "2372"]
[BlackElo "2252"]
[Annotator "ChessBase"]
[PlyCount "76"]
[EventDate "2024.02.01"]
[EventCountry "BAN"]
[SourceTitle "playchess.com"]
[Source "ChessBase"]
[SourceQuality "1"]
[TimeControl "40/5400+30:1800+30"]

1. e4 e5 2. Nf3 Nc6 3. Bb5 a6 4. Ba4 Nf6 5. O-O b5 6. Bb3 Bc5 7. c3 d6 8. d4 Bb6 9. Be3 O-O 10. Nbd2 h6 11. h3 Re8 12. Re1 Bb7 13. d5 Ne7 14. Bxb6 cxb6 15. a4 bxa4 16. Bxa4 b5 17. Bc2 Qc7 18. c4 Nd7 19. cxb5 axb5 20. Bd3 Rxa1 21. Qxa1 Qb6 22. b4 Ra8 23. Qd1 f5 24. exf5 Nxd5 25. Ne4 N7f6 26. Bc2 Kh7 27. Nxf6+ Nxf6 28. Bb3 Rc8 29. Re3 Bxf3 30. Qxf3 e4 31. Qg3 d5 32. Qg6+ Kh8 33. g4 Qa7 34. Kg2 Qa1 35. Bxd5 Nxd5 36. Rxe4 Qa8 37. Kg3 Rc3+ 38. f3 Nf6 0-1

[Event "Bangabandhu Premier Div League 2023-24"]
[Site "Dhaka"]
[Date "2024.02.01"]
[Round "1.10"]
[White "Murshed, Niaz"]
[Black "Chigaev, Maksim"]
[Result "0-1"]
[ECO "D26"]
[WhiteElo "2363"]
[BlackElo "2622"]
[Annotator "ChessBase"]
[PlyCount "104"]
[EventDate "2024.02.01"]
[EventCountry "BAN"]
[SourceTitle "playchess.com"]
[Source "ChessBase"]
[SourceQuality "1"]
[TimeControl "40/5400+30:1800+30"]

1. d4 Nf6 2. Nf3 d5 3. c4 e6 4. Nc3 dxc4 5. e3 a6 6. Bxc4 b5 7. Be2 Bb7 8. O-O Nbd7 9. b3 c5 10. Bb2 Be7 11. dxc5 Nxc5 12. Qxd8+ Rxd8 13. Rad1 Rc8 14. Nd4 O-O 15. Rc1 Rfd8 16. Rfd1 g6 17. b4 Ncd7 18. a3 Nb6 19. Nb3 Rxd1+ 20. Nxd1 Rxc1 21. Bxc1 Na4 22. f3 Nd7 23. e4 f5 24. exf5 exf5 25. Be3 Bd5 26. Na1 Bf6 27. Nc2 Kf7 28. Bd4 Bb3 29. Bxf6 Kxf6 30. Nd4 Bxd1 31. Bxd1 Ke5 32. Ne2 Ndb6 33. Kf2 Nb2 34. Bc2 N6c4 35. f4+ Kd5 36. Nc3+ Kc6 37. Nb1 Kd5 38. Nc3+ Kd6 39. Nb1 Nb6 40. h3 Kd5 41. g4 fxg4 42. hxg4 Kd4 43. f5 Nd3+ 44. Ke2 Ne5 45. fxg6 hxg6 46. Nd2 Nbc4 47. g5 Nxa3 48. Be4 Nac4 49. Bb7 Nxd2 50. Kxd2 Nc4+ 51. Ke2 Nd6 52. Bxa6 Kc4 0-1

[Event "Bangabandhu Premier Div League 2023-24"]
[Site "Dhaka"]
[Date "2024.02.01"]
[Round "1.11"]
[White "Iniyan, Pa"]
[Black "Narayanan, Srinath"]
[Result "1/2-1/2"]
[ECO "D27"]
[WhiteElo "2515"]
[BlackElo "2552"]
[Annotator "ChessBase"]
[PlyCount "47"]
[EventDate "2024.02.01"]
[EventCountry "BAN"]
[SourceTitle "playchess.com"]
[Source "ChessBase"]
[SourceQuality "1"]
[TimeControl "40/5400+30:1800+30"]

1. d4 d5 2. c4 dxc4 3. Nf3 Nf6 4. e3 e6 5. Bxc4 c5 6. O-O a6 7. Nbd2 cxd4 8. Nxd4 Bd6 9. b3 O-O 10. Bb2 e5 11. N4f3 Nc6 12. Be2 Bc7 13. Nc4 e4 14. Qxd8 Rxd8 15. Nd4 Nb4 16. a3 Nbd5 17. a4 Bg4 18. Bxg4 Nxg4 19. h3 Ngf6 20. Rfd1 Ne7 21. Ba3 Ned5 22. Bb2 Ne7 23. Ba3 Ned5 24. Bb2 1/2-1/2

[Event "Bangabandhu Premier Div League 2023-24"]
[Site "Dhaka"]
[Date "2024.02.01"]
[Round "1.12"]
[White "Nayem, Haque"]
[Black "Anata, Choudhury"]
[Result "1/2-1/2"]
[ECO "B51"]
[WhiteElo "2092"]
[BlackElo "2196"]
[Annotator "ChessBase"]
[PlyCount "60"]
[EventDate "2024.02.01"]
[EventCountry "BAN"]
[SourceTitle "playchess.com"]
[Source "ChessBase"]
[SourceQuality "1"]
[TimeControl "40/5400+30:1800+30"]

1. e4 c5 2. Nf3 d6 3. Bb5+ Nd7 4. a4 Ngf6 5. Nc3 g6 6. a5 Bg7 7. O-O a6 8. Be2 O-O 9. d3 b5 10. axb6 a5 11. Na4 Nxb6 12. Nd2 Nxa4 13. Rxa4 Bd7 14. Ra3 Ne8 15. Nc4 a4 16. Ra2 Bc6 17. Bf3 Nc7 18. Nb6 Ra6 19. Nd5 e6 20. Nxc7 Qxc7 21. Be2 Rb6 22. c3 Rb7 23. Qd2 c4 24. Re1 cxd3 25. Bxd3 Rd8 26. Qe2 Ra8 27. Qc2 Rab8 28. Qe2 Ra8 29. Qc2 Rab8 30. Qe2 Ra8 1/2-1/2

[Event "Bangabandhu Premier Div League 2023-24"]
[Site "Dhaka"]
[Date "2024.02.02"]
[Round "2.1"]
[White "Mohammad Minhaz Uddin"]
[Black "Mohammad Fahad, Rahman"]
[Result "0-1"]
[ECO "B33"]
[WhiteElo "2224"]
[BlackElo "2418"]
[Annotator "RC"]
[PlyCount "109"]
[EventDate "2024.02.01"]
[EventCountry "BAN"]
[SourceTitle "playchess.com"]
[Source "ChessBase"]
[SourceQuality "1"]
[TimeControl "40/5400+30:1800+30"]

1. e4 c5 2. Nf3 Nc6 3. d4 cxd4 4. Nxd4 e5 5. Nb5 d6 6. N1c3 a6 7. Na3 Be6 8. Nd5 Nf6 9. Bg5 Bxd5 10. Qxd5 Nxd5 11. Bxd8 Nc3 12. bxc3 Nxd8 13. Nc4 Rc8 14. a4 Ne6 15. f3 Be7 16. Rb1 Rc7 17. Bd3 Nc5 18. Nb6 Bd8 19. O-O O-O 20. a5 Rc6 21. Bc4 Bxb6 22. axb6 Rcc8 23. Bd5 g6 24. f4 exf4 25. Rxf4 Kg7 26. h4 Rce8 27. g4 h6 28. Rbf1 Re7 29. g5 hxg5 30. hxg5 Ne6 31. Rg4 Rh8 32. Rf3 Rh5 33. Rfg3 Kf8 34. c4 Ke8 35. Kf2 Nd4 36. c3 Ne6 37. Ke3 Nc5 38. Rf3 Na4 39. Rgf4 Rh7 40. Rf6 Rd7 41. e5 dxe5 42. Ke4 Re7 43. Bc6+ bxc6 44. Rxc6 Rh4+ 45. Kd5 Kd8 46. Rd6+ Kc8 47. Rdf6 Rd7+ 48. Kxe5 Rxc4 49. Rxf7 Rc5+ 50. Ke6 Rc6+ 51. Ke5 Nxb6 52. R3f6 Rc5+ 53. Ke4 Rxf7 54. Rxf7 Rxg5 55. Kd4 0-1